 Dungeon Crawl Stone Soup version 0.27-a0-1184-ge86db4a01e (webtiles) character file.

Game seed: 13439134466433481789

38 bisexualwizard the Skirmisher (level 3, -1/40 HPs)
             Began as an Ogre Monk on May 19, 2021.
             Slain by a gnoll
             ... wielding a +0 spear
              (4 damage)
             ... on level 1 of the Dungeon.
             The game lasted 00:03:00 (1623 turns).

bisexualwizard the Skirmisher (Ogre Monk)           Turns: 1623, Time: 00:03:01

Health: -1/40      AC:  3    Str: 16    XL:     3   Next: 43%
Magic:  3/3        EV: 10    Int: 11    God:
Gold:   31         SH:  0    Dex: 11    Spells: 2/2 levels left

rFire    . . .     SeeInvis .   a - +0 mace
rCold    . . .     Faith    .   (no shield)
rNeg     . . .     Spirit   .   b - +0 robe
rPois    .         Reflect  .   (helmet restricted)
rElec    .         Harm     .   (no cloak)
rCorr    .         Rampage  .   (gloves unavailable)
Will     .....                  (boots unavailable)
Stlth    ++........             (no amulet)
HPRegen  0.13/turn              (no ring)
MPRegen  0.08/turn              (no ring)

@: no status effects
A: large, unfitting armour, tough skin 1
a: no special abilities


You were on level 1 of the Dungeon.
You visited 1 branch of the dungeon, and saw 2 of its levels.

You collected 31 gold pieces.

Inventory:

Hand Weapons
 a - a +0 mace (weapon)
Armour
 b - a +0 robe (worn)
Jewellery
 f - an amulet of regeneration
Scrolls
 c - 2 scrolls of identify {unknown}
 d - a scroll of teleportation {unknown}
Potions
 e - a potion of resistance {unknown}


   Skills:
 + Level 4.4 Fighting
 * Level 3.4 Maces & Flails
 + Level 3.0 Dodging
 - Level 1.4 Stealth


You had 2 spell levels left.
You didn't know any spells.
Your spell library was empty.

Dungeon Overview and Level Annotations

Branches:
Dungeon (2/15)

Altars:

Annotations:
D:2 Sigmund


Innate Abilities, Weirdness & Mutations

You are too large for most types of armour.
You have tough skin. (AC +1)


Message History

You barely miss the worm.
The worm is severely wounded.
The worm closely misses you.
You sock the worm!
You kill the worm!
No target in view!
You start resting.
HP restored.
Done exploring.
You climb downwards.
Level annotation: Sigmund
There is a stone staircase leading up, spattered with blood here.
The dart slug launches a dart at you. The slug dart hits you.
You completely miss the dart slug. The dart slug bites you.
The gnoll hits you with a +0 spear.
There is a stone staircase leading up, spattered with blood here.
The gnoll hits you but does no damage.
You climb upwards.
There is a stone staircase leading down here.
The gnoll misses you. The dart slug launches a dart at you.
The slug dart hits you!
The gnoll hits you from afar with a +0 spear.
Okay, then.
The gnoll hits you with a +0 spear.
You hit the gnoll but do no damage. The gnoll hits you with a +0 spear.
You hit the gnoll.
The gnoll is moderately wounded.
The gnoll hits you with a +0 spear!
* * * LOW HITPOINT WARNING * * *
You hit the gnoll.
The gnoll is moderately wounded.
The gnoll barely misses you.
You barely miss the gnoll.
The gnoll is moderately wounded.
The gnoll hits you with a +0 spear!
* * * LOW HITPOINT WARNING * * *
The gnoll hits you with a +0 spear.
You die...

#.....##..#...######...
#.....##..#.#.##.......
#.....##..#.#.##.##....
#.........#......##....
#.........#......##....
#.............##.#####.
#######.....#.#..........#.
##.......#####.#.#.#.####.#.
#...###....@g.w.....w...#.#.
#...# #.######.#............
#...# #.# #.#......#.#.#.
#...# #.# #.#.#....#.#.##
#...###.### #.#.######.#.##
#....(....# #.#.#.w....#...
#..)###...# #.#.#.#########
#...# #...# #.#.#.# #.....
#...# #...# #.#.#.####.##..


You could see a gnoll and a dart slug.

Vanquished Creatures
  A worm (D:1)
  2 dart slugs (D:1)
  2 ball pythons (D:1)
  3 bats (D:1)
  3 giant cockroaches (D:1)
  A goblin (D:2)
  6 hobgoblins
  4 jackals (D:1)
  A quokka (D:1)
  A frilled lizard (D:1)
  A kobold (D:1)
  A rat (D:2)
26 creatures vanquished.

Vanquished Creatures (others)
  A hobgoblin (D:2)
1 creature vanquished.

Grand Total: 27 creatures vanquished

Notes
Turn   | Place    | Note
-------+----------+-------------------------------------------
     0 | D:1      | bisexualwizard the Ogre Monk began the quest for the Orb.
     0 | D:1      | Reached XP level 1. HP: 24/24 MP: 1/1
   297 | D:1      | Reached XP level 2. HP: 28/32 MP: 2/2
   743 | D:1      | Reached XP level 3. HP: 39/40 MP: 3/3
  1142 | D:1      | Found a faded altar of an unknown god.
  1212 | D:2      | Noticed Sigmund
  1623 | D:1      | Slain by a gnoll

Illustrated notes

Levels and vault maps discovered:
D:1:      scummos_arrival_star, layout_basic,
          hellmonk_ecumenical_altar_leap_of_faith, kennysheep_small_spiral,
          serial_bayou_pond_e
D:2:      layout_rooms, serial_shops, nicolae_shop_stone, minmay_surrounded,
          uniq_sigmund

Skill      XL: |  1  2 |
---------------+-------+-----
Maces & Flails | 3 |  3.4
Dodging        | 3 |  3.0
Fighting       | |  4.4
Stealth        | |  1.4

Action                   || total
-------------------------++-------
Melee: Mace              ||    76
 Stab: Sleeping          ||     1
Armor: Robe              ||    19
Dodge: Dodged            ||    54

Table legend: (Time is in decaauts)
 A = Elapsed time spent in this place.
 B = Non-inter-level travel time spent in this place.
 C = Inter-level travel time spent in this place.
 D = Time resting spent in this place.
 E = Time spent auto-exploring this place.
 F = Levels seen in this place.
 G = Mean time per level.
                   A        B        C        D        E       F      G
               +--------+--------+--------+--------+--------+-----+--------+
         Total |   1647 |   1535 |    112 |    194 |   1057 |   2 |  823.5 |
       Dungeon |   1647 |   1535 |    112 |    194 |   1057 |   2 |  823.5 |
               +--------+--------+--------+--------+--------+-----+--------+

Top non-repeatable levels by time:
     D:1: 1535 daAuts
     D:2: 111 daAuts
